 Dungeon Crawl Stone Soup version 0.31-a0-1300-gb6740aa4e6 (webtiles) character file.

Game seed: 5167690646106017105

21 thriggle the Chiller (level 2, 0/31 HPs)
             Began as a Barachi Ice Elementalist on Dec 18, 2023.
             Was a Follower of Trog.
             Constricted to death by a ball python (1 damage)
             ... on level 2 of the Dungeon.
             The game lasted 00:03:22 (340 turns).

thriggle the Chiller (Barachi Ice Elementalist)      Turns: 340, Time: 00:03:23

Health: 0/31       AC:  5    Str:  9    XL:     2   Next: 87%
Magic:  5/5        EV:  7    Int: 15    God:    Trog [*.....]
Gold:   38         SH:  0    Dex: 12    Spells: 4/5 levels left

rFire   . . .        d - +0 dagger
rCold   . . .        (no shield)
rNeg    . . .        h - +0 ring mail
rPois   .            (no helmet)
rElec   .            (no cloak)
rCorr   .            (no gloves)
SInv    .            (no boots)
Will    .....        (no amulet) Stlth
                     (no ring)
HPRegen 0.25/turn    (no ring)
MPRegen 0.09/turn

%: no passive effects
@: berserking, constricted, quick
A: amphibious, slowness 1, strong legs 1, +LOS
a: Hop, Renounce Religion, Berserk


You were on level 2 of the Dungeon.
You worshipped Trog.
Trog was aware of your devotion.
You visited 1 branch of the dungeon, and saw 2 of its levels.

You collected 38 gold pieces.

Inventory:

Hand Weapons
 d - a +0 dagger (weapon)
Missiles
 c - 10 stones
 e - 3 poisoned darts
Armour
 a - a +0 robe
 h - a +0 ring mail (worn)
Scrolls
 g - a scroll of enchant armour {unknown}
Potions
 b - a potion of magic
 f - a potion of mutation {unknown}


   Skills:
 + Level 1.0 Fighting
 + Level 0.3 Long Blades
 + Level 0.3 Throwing
 + Level 0.4 Armour
 + Level 2.5 Dodging
 + Level 2.0 Stealth
 - Level 2.3 Spellcasting
 - Level 4.9 Ice Magic


You had 4 spell levels left.
You knew the following spells:

 Your Spells              Type           Power      Damage    Failure   Level
a - Freeze                Ice            64%        1d7       8%          1

Your spell library contained the following spells:

 Spells                   Type           Power      Damage    Failure   Level
 Frozen Ramparts          Ice            32%        1d5       24%         3
 Ozocubu's Armour         Ice            16%        N/A       24%         3
 Summon Ice Beast         Ice/Summ       9%         N/A       91%         4


Dungeon Overview and Level Annotations

Branches:
Dungeon (2/15)

Altars:
Trog

Shops:
D:1 (


Innate Abilities, Weirdness & Mutations

You are amphibious.
You cover ground slowly.
You can hop short distances.
You have an extended range of vision and can be seen from far away.


Message History

The hobgoblin closely misses you.
You hit the hobgoblin.
The hobgoblin is moderately wounded.
The rat twitches its whiskers.
The rat barely misses you. The hobgoblin hits you.
You hit the hobgoblin but do no damage.
The hobgoblin is moderately wounded.
The rat barely misses you. The hobgoblin hits you.
You closely miss the rat.
The rat is heavily wounded.
The rat barely misses you. The hobgoblin closely misses you.
You hit the rat.
You kill the rat!
Trog accepts your kill. The hobgoblin closely misses you.
The ball python bites you but does no damage.
The ball python barely misses you.
You hit the hobgoblin.
The hobgoblin is severely wounded.
The hobgoblin misses you. The ball python barely misses you. x2
You hit the ball python.
The ball python is heavily wounded.
The ball python bites you.
* * * LOW HITPOINT WARNING * * *
The ball python grabs you. The ball python constricts you.
The hobgoblin hits you.
* * * LOW HITPOINT WARNING * * *
A red film seems to cover your vision as you go berserk!
You feel yourself moving faster!
You feel mighty!
The ball python bites you but does no damage.
The ball python constricts you.
* * * LOW HITPOINT WARNING * * *
The hobgoblin hits you.
* * * LOW HITPOINT WARNING * * *
You hit the hobgoblin.
You kill the hobgoblin!
Trog accepts your kill.
The ball python bites you but does no damage.
The ball python constricts you.
You die...

######## #
........
#.###.#....#
#...<......+
####S#.....#
#@# ....#
#†# ...# #.#
..# #.# ##
..# ... ...
#... ....


You could see a ball python.

Vanquished Creatures
  A ball python (D:1)
  2 bats (D:1)
  3 endoplasms (D:1)
  A giant cockroach (D:2)
  2 goblins (D:1)
  2 hobgoblins
  4 jackals (D:1)
  A frilled lizard (D:1)
  2 rats
18 creatures vanquished.

Notes
Turn   | Place    | Note
-------+----------+-------------------------------------------
     0 | D:1      | thriggle the Barachi Ice Elementalist began the quest for
                  | the Orb.
     0 | D:1      | Reached XP level 1. HP: 13/13 MP: 3/3
   101 | D:1      | Reached XP level 2. HP: 20/20 MP: 3/5
   102 | D:1      | Found Syarchie's Antique Weapon Emporium.
   139 | D:1      | Found a faded altar of an unknown god.
   149 | D:1      | Prayed at the altar of an unknown god.
   149 | D:1      | Became a worshipper of Trog the Wrathful
   149 | D:1      | Reached * piety under Trog
   271 | D:1      | Reached skill level 1 in Fighting
   339 | D:2      | HP: 1/31 [hobgoblin (2)]
   340 | D:2      | Constricted to death by a ball python

Illustrated notes

Levels and vault maps discovered:
D:1:      minmay_arrival_solitary_statue, layout_basic,
          shapermc_ecumenical_altar_mp_ritualfount, serial_shops, shop
D:2:      layout_basic, basic_altar

Skill      XL: |  1  2 |
---------------+-------+-----
Stealth        | 2 |  2.0
Fighting       | 1 |  1.0
Long Blades    | |  0.3
Throwing       | |  0.3
Armour         | |  0.4
Dodging        | |  2.5
Spellcasting   | |  2.3
Ice Magic      | |  4.9

Action                     || total
---------------------------++-------
  Melee: Dagger            ||    78
   Cast: Freeze            ||     7
 Invoke: Berserk           ||     2
 Armour: Robe              ||    37
         Ring mail         ||    40
  Dodge: Dodged            ||    82

Table legend: (Time is in decaauts)
 A = Elapsed time spent in this place.
 B = Non-inter-level travel time spent in this place.
 C = Inter-level travel time spent in this place.
 D = Time resting spent in this place.
 E = Time spent auto-exploring this place.
 F = Levels seen in this place.
 G = Mean time per level.
                   A        B        C        D        E       F      G
               +--------+--------+--------+--------+--------+-----+--------+
         Total |    390 |    390 |      0 |      0 |      6 |   2 |  195.0 |
       Dungeon |    390 |    390 |      0 |      0 |      6 |   2 |  195.0 |
               +--------+--------+--------+--------+--------+-----+--------+

Top non-repeatable levels by time:
     D:1: 367 daAuts
     D:2: 23 daAuts
